Map: Acropolis LE

Players

Smeeeger

  • Race: Protoss Protoss
  • League: Platinum
  • Spawn Location: 5:00

ENGINEER - Winner!

  • Race: Terran Terran
  • Spawn Location: 11:00

VOD

Have the link to the VOD?

Description

Time

  • Played on: July 24, 2019, 6:15 p.m.
  • Length: 2:40
Show
View Real Time Build Order
Export as new Build Order

Smeeeger Protoss 

Build Orders: 1 Gate Expand 

Get SALT Encoding   

  12  0:01  Probe  
  13  0:15  Probe  
  14  0:22  Pylon  
  14  0:27  Probe  
  15  0:40  Probe  
  15  0:41  Gateway  
  16  0:46  Assimilator  
  16  0:52  Probe  
  17  1:04  Probe  
  18  1:16  Probe  
  19  1:27  Nexus  
  19  1:39  Cybernetics Core  
  19  1:42  Probe  
  20  1:54  Probe, Assimilator  
  21  2:06  Probe  
  21  2:08  Pylon  
  22  2:22  Probe  
Show
View Real Time Build Order
Export as new Build Order

ENGINEER Terran - Winner!

Build Orders:  

Get SALT Encoding   

  12  0:01  SCV  
  13  0:15  Supply Depot  
  13  0:18  SCV  
  14  0:30  SCV  
  15  1:19  Barracks  
  15  1:21  Barracks  
  15  1:22  Barracks  
  15  1:24  Barracks  
  15  1:39  Barracks  
  15  1:47  Supply Depot  
  15  1:52  SCV  
  16  2:04  SCV  
  16  2:07  Marine  
  18  2:08  Marine  
  18  2:13  Marine  
  20  2:21  Marine  
Tags
 
League
Platinum
Matchup
PvT
Replay Pack
SC2 replays
Spawn Locations
Cross Positions
Add a new tag
Caveats
  • Supply blocks, unpowered buildings, or Contaminate may cause inaccurate times.
  • Supply counts are checked every 10 seconds.